cohdb
Replays
Latest Replays
All Replays
Popular Replays
Top Player Replays
Match Explorer
How It Works
Community
CoH3 Stats
Reddit
Sign in to upload your games and track your stats! →
Sign in with Steam
Match 40012413
Unlisted
Match 40012413
Overview
Messages
Build Orders
End
Construct Section Command Post
Infantry Section
Dingo Light Scout Car
Infantry Section
Infantry Section
Grenade Package
Selects Australian Defense Battlegroup
Selects Australian Light Infantry Section
Selects 2-pounder Anti-tank Gun Team
2-pounder Anti-tank Gun Team
Construct Platoon Command Post
ML 3-inch Mortar Team
CMP 15cwt Truck
Selects CMP 15cwt Supply Run
Particycles
banksss33
啊牛牛
ElaGiwrgi
MSZW
Silver
0
0
Comments
sign in to comment!
No comments posted yet!